 Dungeon Crawl Stone Soup version 0.32-a0-666-ge8a88695a4 (webtiles) character file.

Game seed: 17111821469078292805

7947 Aldia the Magician (level 11, -10/81 HPs)
             Began as a Demonspawn Reaver on Mar 9, 2024.
             Was a Believer of Beogh.
             Mangled by Gastronok (20 damage)
             ... on level 9 of the Dungeon.
             The game lasted 00:27:35 (10978 turns).

Aldia the Magician (Demonspawn Reaver)             Turns: 10978, Time: 00:27:35

Health: -10/81     AC: 11    Str: 17    XL:     11   Next: 3%
Magic:  2/31       EV: 17    Int: 18    God:    Beogh [**....]
Gold:   93         SH:  5    Dex: 12    Spells: 10/25 levels left

rFire   . . .        O - +4 mace (freeze)
rCold   . . .        w - +0 buckler
rNeg    . . .        e - +0 leather armour of the Farmer {Str+5}
rPois   .            (no helmet)
rElec   .            C - +2 cloak
rCorr   .            (no gloves)
SInv    .            R - +0 pair of boots
Will    .....        (no amulet)
Stlth   +            c - +4 ring of slaying
HPRegen 0.33/turn    E - ring of magical power
MPRegen 0.22/turn

%: repel missiles
@: ice-armoured, slowed, wreathed by umbra, very slow
A: repulsion field 3, weakness stinger 1, foul shadow 1
a: Renounce Religion, Smiting


You were on level 9 of the Dungeon.
You worshipped Beogh.
Beogh was pleased with you.
You visited 2 branches of the dungeon, and saw 10 of its levels.
You also visited: Sewer.

You collected 416 gold pieces.
You spent 323 gold pieces at shops.

Inventory:

Hand Weapons
 b - a +0 vampiric whip
 g - a +2 great sword of holy wrath
 L - a +1 halberd of freezing
 O - a +4 mace of freezing (weapon)
Missiles
 v - a curare-tipped dart
 D - a throwing net
Armour
 e - the +0 leather armour of the Farmer (worn) {Str+5}
   (You found it on level 2 of the Dungeon)

   Str+5:     It affects your strength (+5).
 n - a +0 scale mail
 q - a +0 chain mail
 w - a +0 buckler (worn)
 C - a +2 cloak (worn)
 N - a +1 scale mail of poison resistance
 R - a +0 pair of boots (worn)
Jewellery
 c - a +4 ring of slaying (left hand)
 u - a ring of ice
 E - a ring of magical power (right hand)
 G - a ring of protection from fire
Wands
 B - a wand of warping (6)
 I - a wand of polymorph (9)
 J - a wand of light (7)
Scrolls
 d - 3 scrolls of noise
 h - a scroll of butterflies {unknown}
 m - 5 scrolls of fog
 o - a scroll of acquirement {unknown}
 r - 2 scrolls of amnesia
 s - 2 scrolls of brand weapon
 t - a scroll of immolation
 x - 2 scrolls of blinking
 y - a scroll of torment {unknown}
 A - a scroll of silence
 H - a scroll of vulnerability
 K - a scroll of enchant armour
 Q - 2 scrolls of revelation {unknown}
Potions
 a - a potion of magic
 f - 4 potions of enlightenment
 i - 2 potions of invisibility
 j - 2 potions of haste
 k - 5 potions of curing
 l - 4 potions of brilliance
 p - 4 potions of attraction
 z - 5 potions of heal wounds
 F - a potion of lignification
 M - 3 potions of mutation
Miscellaneous
 P - a phantom mirror


   Skills:
 + Level 6.1 Fighting
 - Level 3.1 Maces & Flails
 + Level 5.0 Dodging
 - Level 4.0 Shields
 + Level 7.7 Spellcasting
 - Level 7.0 Conjurations
 - Level 3.0 Necromancy
 - Level 1.0 Translocations
 * Level 5.0 Ice Magic
 - Level 6.0 Earth Magic
 - Level 5.0 Invocations


You had 10 spell levels left.
You knew the following spells:

 Your Spells              Type           Power      Damage    Failure   Level
a - Kiss of Death         Conj/Necr      96%        2d12      1%          1
b - Momentum Strike       Conj/Tloc      42%        3d9       4%          2
c - Hailstorm             Conj/Ice       28%        3d8       4%          3
d - Stone Arrow           Conj/Erth      60%        3d10      3%          3
e - Ozocubu's Armour      Ice            24%        N/A       6%          3
f - Passwall              Erth           28%        N/A       4%          3

Your spell library contained the following spells:

 Spells                   Type           Power      Damage    Failure   Level
 Sandblast                Erth           56%        2d13      1%          1
 Brom's Barrelling Bould  Conj/Erth      30%        2d5       11%         4
 Iskenderun's Mystic Bla  Conj/Tloc      21%        2d6       30%         4
 Tukima's Dance           Hex            6%         N/A       43%         3
 Dimensional Bullseye     Hex/Tloc       4%         N/A       77%         4
 Metabolic Englaciation   Hex/Ice        7%         N/A       83%         5
 Sculpt Simulacrum        Ice/Alch       7%         N/A       100%        6


Dungeon Overview and Level Annotations

Branches:
Dungeon (9/15)             Temple (1/1) D:5           Sewer (visited)
   Lair: D:8-11         Orc: D:9-12

Altars:
Ashenzari
Cheibriados
Dithmenos
Fedhas
Gozag
Kikubaaqudgha
Makhleb
Nemelex Xobeh
Okawaru
Qazlal
Ru
Sif Muna
Trog
Uskayaw
Vehumet
Wu Jian
Xom

Shops:
D:8 :!?*   D:9 =

Portals:
Abyss: D:4

Annotations:
D:4 2 transporters, KSaturn's ghost, amateur HuFi
D:9 Gastronok


Innate Abilities, Weirdness & Mutations

Your facial features look somewhat orcish.
You are surrounded by a strong repulsion field. (EV +4, RMsl)
You have a small tail.
You are faintly shadowed, very rarely releasing foul flame when damaged in melee.


Message History

Press: ? - help, Shift-Dir - straight line, f/p - Gastronok
Aim: Gastronok, wearing a +0 hat of willpower (lightly wounded, umbra, 100% to hit)
The stone arrow hits Gastronok!
Gastronok is moderately wounded.
Gastronok waves his eye-stalks in wide circles.
The air twists around and strikes you!!
* * * LOW HITPOINT WARNING * * *
The rat misses you.
Unknown command.
Unknown command.
Unknown command.
Unknown command.
Unknown command.
Unknown command.
Unknown command.
Unknown command.
Unknown command.
Unknown command.
Unknown command.
Unknown command.
Casting: Stone Arrow (mildly dangerous; 3% risk of failure)
Confirm with . or Enter, or press ? or * to list all spells.
Aiming: Stone Arrow (mildly dangerous; 3% risk of failure)
Press: ? - help, Shift-Dir - straight line, f/p - Gastronok
Aim: Gastronok, wearing a +0 hat of willpower (moderately wounded, umbra, 100% to hit)
The stone arrow hits Gastronok!
Gastronok is moderately wounded.
You are no longer robbed of momentum.
The rat closely misses you.
Unknown command.
Casting: Stone Arrow (mildly dangerous; 3% risk of failure)
Confirm with . or Enter, or press ? or * to list all spells.
Aiming: Stone Arrow (mildly dangerous; 3% risk of failure)
Press: ? - help, Shift-Dir - straight line, f/p - Gastronok
Aim: Gastronok, wearing a +0 hat of willpower (moderately wounded, umbra, 100% to hit)
The stone arrow hits Gastronok!!
Gastronok is moderately wounded.
The rat closely misses you. Gastronok bites you!!
You die...
Gastronok gurgles, "Let's see if you taste as good as that wizard did."

#######....# ###.###
#.##.# #...###
#.##.#######...# #
#.##....# ###.###
#...#.#.######..##
#######.###.#....[.รท#.##
...............####.#)##
......r.....#### #..>.)
......w@##..# #.....
....).####### #.....
..... #..... #### #....#
#....# #....# #....#
#....# #....#


You could see Gastronok and a rat (summoned).

Vanquished Creatures
  3 two-headed ogres
  Jeremiah (D:9)
  Prince Ribbit (D:5)
  A slime creature (D:8)
  Sigmund (D:2)
  2 wyverns
  A shadow (D:8)
  A wraith (D:9)
  5 yaks (D:9)
  3 water moccasins (D:8)
  Duvessa (D:7)
  4 orc warriors
  3 ogres
  2 centaurs (D:7)
  2 boggarts (D:9)
  A phantom (D:4)
  2 brain worms (Sewer)
  2 kobold brigands
  A gnoll sergeant (D:8)
  6 bullfrogs
  2 scorpions
  13 wights
  Dowan (D:7)
  5 jellies
  3 bombardier beetles
  2 gnoll boudas
  An orc priest (D:7)
  Crazy Yiuf (D:4)
  2 hounds (D:6)
  A sleepcap (D:5)
  5 iguanas
  8 orc wizards
  11 gnolls
  7 adders
  4 river rats (Sewer)
  3 white imps
  2 dart slugs
  4 ribbon worms
  23 orcs
  16 endoplasms
  10 giant cockroaches
  6 goblins
  3 hobgoblins
  7 jackals
  2 quokkas (D:3)
  7 ball pythons
  5 bats
  4 frilled lizards
  10 kobolds
  3 rats
214 creatures vanquished.

Vanquished Creatures (others)
  A scorpion (D:5)
  A jelly (D:5)
  3 orcs
  A jackal (D:5)
6 creatures vanquished.

Grand Total: 220 creatures vanquished

Notes
Turn   | Place    | Note
-------+----------+-------------------------------------------
     0 | D:1      | Aldia the Demonspawn Reaver began the quest for the Orb.
     0 | D:1      | Reached XP level 1. HP: 16/16 MP: 3/3
   276 | D:1      | Gained mutation: You have a small tail. [demonic ancestry]
   276 | D:1      | Reached XP level 2. HP: 22/22 MP: 5/5
   666 | D:2      | Reached skill level 1 in Necromancy
   958 | D:2      | Noticed Sigmund
   968 | D:2      | Killed Sigmund
   969 | D:2      | Gained mutation: You are faintly shadowed, very rarely
                  | releasing foul flame when damaged in melee. [demonic
                  | ancestry]
   969 | D:2      | Reached XP level 3. HP: 7/29 MP: 4/6
   969 | D:2      | Gained mutation: You are surrounded by a mild repulsion
                  | field. (EV +2) [demonic ancestry]
   969 | D:2      | Reached XP level 4. HP: 8/35 MP: 4/7
   969 | D:2      | Reached XP level 5. HP: 10/41 MP: 4/8
  1118 | D:2      | Learned a level 2 spell: Momentum Strike
  1122 | D:2      | Learned a level 3 spell: Hailstorm
  1257 | D:2      | Identified the +0 leather armour of the Farmer {Str+5}
  1698 | D:3      | Found a burning altar of Makhleb.
  1849 | D:3      | Found a glowing drain.
  1879 | Sewer    | Entered a sewer
  1910 | Sewer    | Reached XP level 6. HP: 39/47 MP: 4/9
  2153 | Sewer    | Reached skill level 1 in Translocations
  2159 | Sewer    | Learned a level 3 spell: Stone Arrow
  2245 | Sewer    | Reached skill level 1 in Earth Magic
  3084 | D:4      | Reached XP level 7. HP: 54/54 MP: 11/11
  3152 | D:4      | Found a transporter.
  3159 | D:4      | Noticed an ancient zyme
  3171 | D:4      | Found a transporter.
  3213 | D:4      | Found a runed translucent door.
  3214 | D:4      | Noticed Crazy Yiuf
  3417 | D:4      | Reached skill level 1 in Shields
  3771 | D:4      | Found a sparkling altar of Nemelex Xobeh.
  3939 | D:4      | Noticed KSaturn's ghost (amateur HuFi)
  3948 | D:4      | Found a one-way gate to the infinite horrors of the Abyss.
  4035 | D:4      | Killed Crazy Yiuf
  4091 | D:5      | Entered Level 5 of the Dungeon
  4113 | D:5      | Became a worshipper of Beogh the Shepherd
  4198 | D:5      | Found a staircase to the Ecumenical Temple.
  4211 | Temple   | Entered the Ecumenical Temple
  4284 | D:5      | Reached XP level 8. HP: 47/58 MP: 13/13
  4367 | D:5      | Noticed Prince Ribbit
  4381 | D:5      | Killed Prince Ribbit
  4382 | D:5      | Reached skill level 5 in Conjurations
  4554 | D:5      | Found a hide-covered altar of Uskayaw.
  5587 | D:6      | Reached skill level 5 in Earth Magic
  5615 | D:6      | Reached * piety under Beogh
  5892 | D:6      | Gained mutation: You are surrounded by a moderate repulsion
                  | field. (EV +3) [demonic ancestry]
  5892 | D:6      | Reached XP level 9. HP: 65/65 MP: 9/16
  6612 | D:7      | Noticed Duvessa
  6612 | D:7      | Noticed Dowan
  6619 | D:7      | Killed Duvessa
  6620 | D:7      | Killed Dowan
  6811 | D:7      | Reached skill level 5 in Spellcasting
  7479 | D:7      | Reached skill level 1 in Invocations
  7909 | D:8      | Found Icunir's Book Shop.
  7923 | D:8      | Found Padot's Distillery.
  7972 | D:8      | Bought a potion of degeneration for 12 gold pieces
  7972 | D:8      | Bought a potion of curing for 36 gold pieces
  7972 | D:8      | Bought a potion of magic for 96 gold pieces
  7977 | D:8      | Bought a potion of lignification for 36 gold pieces
  8185 | D:8      | Found a stormy altar of Qazlal.
  8390 | D:8      | Noticed a two-headed ogre
  8398 | D:8      | Killed a two-headed ogre
  8399 | D:8      | Reached skill level 1 in Ice Magic
  8399 | D:8      | Gained mutation: You are surrounded by a strong repulsion
                  | field. (EV +4, RMsl) [demonic ancestry]
  8399 | D:8      | Reached XP level 10. HP: 67/73 MP: 16/18
  8470 | D:8      | Found Xerof's Magic Scroll Shop.
  8472 | D:8      | Found Plog's Assorted Antiques.
  8480 | D:8      | Bought 2 white potions for 41 gold pieces
  8480 | D:8      | Bought a scroll of identify for 46 gold pieces
  8485 | D:8      | Bought a scroll of vulnerability for 56 gold pieces
  9079 | D:8      | Reached skill level 5 in Fighting
  9109 | D:8      | Reached ** piety under Beogh
  9442 | D:8      | Learned a level 3 spell: Ozocubu's Armour
  9446 | D:8      | Learned a level 3 spell: Passwall
  9893 | D:9      | Noticed a two-headed ogre
  9901 | D:9      | Killed a two-headed ogre
  9902 | D:9      | Reached skill level 5 in Invocations
 10217 | D:9      | Noticed Jeremiah
 10218 | D:9      | Noticed a two-headed ogre
 10230 | D:9      | Killed a two-headed ogre
 10331 | D:9      | Killed Jeremiah
 10332 | D:9      | Reached skill level 5 in Dodging
 10332 | D:9      | Reached skill level 5 in Ice Magic
 10627 | D:9      | Reached XP level 11. HP: 14/81 MP: 2/22
 10912 | D:9      | Found Duofo's Jewellery Shop.
 10963 | D:9      | Noticed Gastronok
 10978 | D:9      | Mangled by Gastronok

Illustrated notes

Levels and vault maps discovered:
D:1:      co_arrival_square_in_a_square_in_a_square, layout_basic,
          minmay_heptomino_o4
D:2:      layout_loops_corners, uniq_sigmund
D:3:      layout_basic, mainiacjoe_overflow_boulevard, gup_sewer_entry_glass
D:4:      layout_rooms, nemelex_altar_shiori, gammafunk_ghost_abyssal_escape,
          uniq_crazy_yiuf_cottage
D:5:      layout_loops_ring, kennysheep_mini_moat, minmay_temple_entry_glass,
          uniq_prince_ribbit1
D:6:      layout_loops_ring
D:7:      layout_gridville, glass_columns_c, uniq_duvessa
D:8:      lemuel_slime, layout_loops_corners, nicolae_overflow_hidden_temple,
          nicolae_qazlal_style_of_elements, serial_shops,
          nicolae_shop_tiny_glass, shop, nicolae_shop_crystal, shop
D:9:      layout_basic, nicolae_hepliaklqana_ecumenical_no_more, serial_shops,
          nicolae_shop_gaudy_bauble, nicolae_phantomly_mirrored, uniq_gastronok,
          uniq_jeremiah
Temple:   nicolae_temple_no_exploring_needed

Skill      XL: |  1  2  3  4  5  6  7  8  9 10 |
---------------+-------------------------------+-----
Maces & Flails | 3 |  3.1
Dodging        | 2 3 4 5 |  5.0
Necromancy     | 3 |  3.0
Fighting       | 3 4 6 |  6.1
Translocations | 1 |  1.0
Conjurations   | 4 5 7 |  7.0
Earth Magic    | 1 3 5 6 |  6.0
Spellcasting   | 3 4 5 7 |  7.7
Shields        | 1 3 4 |  4.0
Invocations    | 3 5 |  5.0
Ice Magic      | 1 5 |  5.0

Action                     |  1- 3 |  4- 6 |  7- 9 | 10-12 || total
---------------------------+-------+-------+-------+-------++-------
  Melee: Mace              |    87 |   134 |    33 |    37 ||   291
         Tailslap          |     4 |    16 |    46 |    10 ||    76
         Whip              |       |       |   187 |    41 ||   228
   Cast: Kiss of Death     |     1 |     2 |     3 |       ||     6
         Momentum Strike   |       |     2 |    15 |     7 ||    24
         Stone Arrow       |       |       |    64 |    95 ||   159
         Ozocubu's Armour  |       |       |       |     1 ||     1
 Invoke: Convert to Beogh  |       |       |     1 |       ||     1
  Evoke: Wand              |       |       |     2 |       ||     2
    Use: Scroll            |       |     2 |    11 |     6 ||    19
   Stab: Sleeping          |       |     1 |       |       ||     1
 Armour: Leather armour    |    56 |    57 |   136 |    44 ||   293
         Scale mail        |       |     9 |       |       ||     9
  Dodge: Dodged            |    52 |   129 |   212 |    78 ||   471
         Repelled          |       |       |       |     2 ||     2
  Block: Buckler           |       |       |    44 |    19 ||    63

Table legend: (Time is in decaauts)
 A = Elapsed time spent in this place.
 B = Non-inter-level travel time spent in this place.
 C = Inter-level travel time spent in this place.
 D = Time resting spent in this place.
 E = Time spent auto-exploring this place.
 F = Levels seen in this place.
 G = Mean time per level.
                   A        B        C        D        E       F      G
               +--------+--------+--------+--------+--------+-----+--------+
         Total |  11222 |  10759 |    463 |    756 |   8093 |  11 | 1020.2 |
       Dungeon |  10102 |   9639 |    463 |    718 |   7227 |   9 | 1122.4 |
        Temple |      1 |      1 |      0 |      0 |      0 |   1 |    1.0 |
         Sewer |   1118 |   1118 |      0 |     38 |    866 |   1 | 1118.0 |
               +--------+--------+--------+--------+--------+-----+--------+

Top non-repeatable levels by time:
     D:8: 1993 daAuts
     D:7: 1445 daAuts
     D:5: 1179 daAuts
     D:9: 1154 daAuts
   Sewer: 1118 daAuts
     D:4: 1109 daAuts
     D:2: 1076 daAuts
     D:6: 1033 daAuts
     D:1: 613 daAuts
     D:3: 496 daAuts
  Temple: 1 daAuts
